 Dungeon Crawl Stone Soup version 0.31-a0-187-gba352fbbf7 (webtiles) character file.

Game seed: 18334035994110492355

2562 qw the Skirmisher (level 9, 0/50 HPs)
             Began as a Deep Elf Hunter on June 22, 2023.
             Was a Believer of Okawaru.
             Slain by a death yak (6 damage)
             ... on level 8 of the Dungeon.
             The game lasted 00:02:02 (6796 turns).

qw the Skirmisher (Deep Elf Hunter)                 Turns: 6796, Time: 00:02:02

Health: 0/50       AC: 17    Str: 12    XL:     9   Next: 31%
Magic:  12/14      EV: 18    Int: 18    God:    Okawaru [**....]
Gold:   257        SH:  0    Dex: 24    Spells: 8/8 levels left

rFire   . . .        Y - +0 triple crossbow
rCold   . . .        (shield currently unavailable)
rNeg    . . .        j - +0 swamp dragon scales
rPois   +            b - +1 helmet {Int+3}
rElec   +            (no cloak)
rCorr   .            a - +1 pair of gloves of Anloarutih {Slay+2 Stlth+}
SInv    .            i - +2 pair of boots
Will    .....        n - amulet of faith
Stlth   ++++         c - +6 ring of dexterity
HPRegen 0.28/turn    (no ring)
MPRegen 0.14/turn

%: faith
@: about to teleport, heroic
A: electricity resistance
a: Renounce Religion, Heroism


You were on level 8 of the Dungeon.
You worshipped Okawaru.
Okawaru was pleased with you.
You visited 2 branches of the dungeon, and saw 9 of its levels.

You collected 477 gold pieces.
You spent 220 gold pieces at shops.


Innate Abilities, Weirdness & Mutations

You are resistant to electric shocks. (rElec)


   Skills:
 - Level 3.1(8.1) Fighting
 - Level 14.0(19.0) Ranged Weapons
 - Level 2.0(7.0) Armour
 + Level 5.9(10.9) Dodging
 - Level 1.2(6.2) Stealth
 - Level 4.3 Invocations


You had 8 spell levels left.
You didn't know any spells.
Your spell library was empty.

Inventory:

Hand Weapons
 Y - a +0 triple crossbow (weapon)
Armour
 a - the +1 pair of gloves of Anloarutih (worn) {Slay+2 Stlth+}
   (You acquired it on level 1 of the Dungeon)

   Slay:      It affects your accuracy & damage with ranged weapons and melee
   (+2).
   Stlth:     It makes you more stealthy.
 b - a +1 helmet of intelligence (worn)
 i - a +2 pair of boots (worn)
 j - +0 swamp dragon scales (worn)
 r - a +2 robe of fire resistance
Jewellery
 c - a +6 ring of dexterity (left hand)
 k - an amulet of reflection
 n - an amulet of faith (around neck)
Scrolls
 l - a scroll of teleportation
 m - a scroll of identify
Potions
 d - a potion of magic
 e - 5 potions of curing
 f - a potion of lignification {unknown}
 g - a potion of enlightenment
 h - a potion of might
 o - a potion of cancellation {unknown}
 p - 2 potions of mutation
 q - a potion of resistance {unknown}
 s - 2 potions of heal wounds
 t - a potion of brilliance {unknown}

Dungeon Overview and Level Annotations

Branches:
Dungeon (8/15)             Temple (1/1) D:5            Lair (0/5) D:8

Altars:
Ashenzari
Cheibriados
Elyvilon
Fedhas
Gozag
Hepliaklqana
Kikubaaqudgha
Makhleb
Nemelex Xobeh
Okawaru
Qazlal
Ru
Sif Muna
Trog
Uskayaw
Vehumet
Wu Jian
Xom
Yredelemnul
Zin
The Shining One

Shops:
D:2 :*   D:6 (


Message History

You shoot a bolt. The bolt hits Grum!!!
You kill Grum!
Okawaru accepts your kill.
A death yak comes into view. x2; A yak comes into view.
You shoot a bolt.
The death yak bellows! x3; The yak bellows!
The bolt hits the yak!!
The yak is severely wounded.
A yak comes into view.
You shoot a bolt. The yak bellows!
The bolt hits the yak!
The yak is almost dead.
The death yak snorts and paws the ground.
You shoot a bolt. The bolt hits the yak!!
You kill the yak!
Okawaru accepts your kill. The wolf bites you.
Your base Ranged Weapons skill increases to level 14!
You shoot a bolt. The bolt hits the wolf.
The wolf is lightly wounded.
You feel like a meek peon again. The wolf barely misses you.
The wolf bites you but does no damage. The death yak gores you.
6793 ||| INVOKING Heroism.
You gain the combat prowess of a mighty hero.
The death yak gores you but does no damage.
You shoot a bolt. The bolt hits the death yak!!
The death yak is moderately wounded.
The death yak barely misses you. The death yak gores you!
You shoot a bolt. The bolt hits the death yak!!
The death yak is severely wounded.
The death yak gores you.
The death yak gores you but does no damage.
The death yak gores you! The death yak misses you.
6796 ||| READING 2 scrolls of teleportation.
As you read the scroll of teleportation, it crumbles to dust.
You feel strangely unstable. The death yak gores you.
You die...

###.### #.....####### #
#.# #..##........
###.####### #..##########
##........# #..........
###.#####.# #..######.. #
### #.######..######.. #
#.##..............
#########.##.###.####.....
..........# #@# ...
########### #..YY...... .
# #....YYY..... #
###.......... #
#.......... # #........##
# ##.#.....). # #. ......>
#


You could see 3 death yaks and 2 yaks.

Vanquished Creatures
  Maggie (D:6)
  2 yaks (D:8)
  2 wyverns
  A steam dragon (D:5)
  Grum (D:8)
  An ice beast (D:8)
  Duvessa (D:6)
  A black bear (D:8)
  2 ogres
  A wolf (D:8)
  3 scorpions
  A bullfrog (D:7)
  Dowan (D:6)
  An electric eel (D:7)
  2 hounds (D:5)
  An orc priest (D:6)
  A jelly (D:4)
  2 gnoll boudas
  Ijyb (D:5)
  3 iguanas
  3 orc wizards
  6 gnolls
  6 adders
  2 shadow imps
  4 white imps
  2 dart slugs
  10 orcs
  4 bats
  5 endoplasms
  A giant cockroach (D:4)
  9 hobgoblins
  2 jackals (D:3)
  3 training dummies (D:6)
  5 ball pythons
  3 frilled lizards
  5 goblins
  5 kobolds
  A rat (D:1)
105 creatures vanquished.

Notes
Turn   | Place    | Note
-------+----------+-------------------------------------------
     0 | D:1      | qw the Deep Elf Hunter began the quest for the Orb.
     0 | D:1      | Reached XP level 1. HP: 12/12 MP: 3/3
     0 | D:1      | 0 ||| qw: Version: 0.3-a-9-g12657ce
     0 | D:1      | 0 ||| qw: Game counter: 2153
     0 | D:1      | 0 ||| qw: Always use a shield: true
     0 | D:1      | 0 ||| qw: God list: Okawaru
     0 | D:1      | 0 ||| qw: Allow faded altars: false
     0 | D:1      | 0 ||| qw: Do Orc after D:15 true
     0 | D:1      | 0 ||| qw: Do second Lair branch before Depths: true
     0 | D:1      | 0 ||| qw: Lair rune preference: random
     0 | D:1      | 0 ||| qw: Plans: Normal
     0 | D:1      | 0 ||| PLANNING D:1-11
   411 | D:1      | 411 ||| UPGRADING to +0 scale mail.
   421 | D:1      | 421 ||| DROPPING +0 leather armour.
   422 | D:1      | 422 ||| UPGRADING to +0 ring mail.
   432 | D:1      | 432 ||| DROPPING +0 scale mail.
   433 | D:1      | 433 ||| UPGRADING to +2 leather armour of cold resistance.
   443 | D:1      | 443 ||| READING scroll labelled NIP BEWOKUINWI.
   444 | D:1      | 444 ||| READING scroll labelled AWIHIV ROSU.
   445 | D:1      | 445 ||| READING scroll labelled KUHOAB UBIZI.
   446 | D:1      | 446 ||| READING scroll labelled XUTO QOPIQERGH.
   447 | D:1      | 447 ||| READING scroll labelled CIDDECE FITUALIGG.
   447 | D:1      | Identified a scroll of acquirement
   447 | D:1      | 447 ||| ACQUIRING +1 pair of gloves of Anloarutih {Slay+2
                  | Stlth+}
   447 | D:1      | Acquired the +1 pair of gloves of Anloarutih {Slay+2
                  | Stlth+}
   449 | D:1      | 449 ||| UPGRADING to +1 pair of gloves of Anloarutih
                  | {Slay+2 Stlth+}.
   454 | D:1      | 454 ||| DROPPING scroll of butterflies.
   492 | D:2      | Reached skill level 6 in Ranged Weapons
   492 | D:2      | Reached XP level 2. HP: 16/16 MP: 4/4
   499 | D:2      | Found Quippuem's Book Emporium.
   897 | D:2      | Reached XP level 3. HP: 20/20 MP: 5/5
   899 | D:2      | Found Maaz's Magic Scroll Emporium.
  1081 | D:2      | Found Neesenaw's Assorted Antiques.
  1084 | D:2      | 1084 ||| BUYING brown potion (24 gold).
  1084 | D:2      | Bought a brown potion for 24 gold pieces
  1084 | D:2      | 1084 ||| BUYING inky potion (24 gold).
  1084 | D:2      | Bought an inky potion for 24 gold pieces
  1084 | D:2      | 1084 ||| SHOPLISTING jewelled ivory wand (108 gold, have
                  | 55).
  1084 | D:2      | 1084 ||| BUYING scroll labelled QOFIH SIDOSO (27 gold).
  1084 | D:2      | Bought a scroll labelled QOFIH SIDOSO for 27 gold pieces
  1084 | D:2      | 1084 ||| SHOPLISTING scroll of identify (54 gold, have 28).
  1154 | D:2      | 1154 ||| UPGRADING to +1 helmet of intelligence.
  1159 | D:2      | 1159 ||| UPGRADING to +2 pair of boots.
  1164 | D:2      | 1164 ||| READING 3 scrolls labelled ITIDUI COTA.
  1165 | D:2      | 1165 ||| READING scroll labelled ETIXZARIP.
  1169 | D:2      | 1169 ||| READING scroll labelled QOFIH SIDOSO.
  1170 | D:2      | 1170 ||| DRINKING 2 silvery potions.
  1171 | D:2      | 1171 ||| DRINKING 2 inky potions.
  1172 | D:2      | 1172 ||| DROPPING 2 scrolls of immolation.
  1173 | D:2      | 1173 ||| DROPPING potion of degeneration.
  1230 | D:3      | Reached skill level 7 in Ranged Weapons
  1475 | D:3      | Found a faded altar of an unknown god.
  1536 | D:3      | 1536 ||| Stepping ~*~*~tactically~*~*~ (outnumbered).
  1543 | D:3      | Reached XP level 4. HP: 25/25 MP: 6/6
  1552 | D:3      | Reached skill level 8 in Ranged Weapons
  1609 | D:3      | Found a hide-covered altar of Uskayaw.
  1609 | D:3      | Found the +7 Throatcutter {drain, coup de grace}
  1933 | D:3      | 1933 ||| UPGRADING to +6 ring of dexterity.
  1934 | D:3      | 1934 ||| DRINKING 2 clear potions.
  1935 | D:3      | 1935 ||| DRINKING 2 puce potions.
  1936 | D:3      | 1936 ||| DROPPING potion of attraction.
  2011 | D:4      | Reached skill level 3 in Dodging
  2011 | D:4      | Reached XP level 5. HP: 11/29 MP: 7/7
  2195 | D:4      | Reached skill level 9 in Ranged Weapons
  2614 | D:4      | 2614 ||| DROPPING ring of flight.
  2615 | D:4      | 2615 ||| READING scroll labelled LEFUON RUOST.
  2616 | D:4      | 2616 ||| READING scroll labelled PERYET TYIM.
  2617 | D:4      | 2617 ||| READING scroll labelled CYIBLEIPRY.
  2618 | D:4      | 2618 ||| DRINKING 2 brown potions.
  2620 | D:4      | 2620 ||| Stepping ~*~*~tactically~*~*~ (cloud).
  2624 | D:4      | HP: 7/30 [poisoned by you (poison gas)]
  2628 | D:4      | HP: 3/30 [poisoned by you (poison gas)]
  2756 | D:5      | Entered Level 5 of the Dungeon
  2760 | D:5      | 2760 ||| STAIRDANCE
  2766 | D:4      | Reached XP level 6. HP: 10/35 MP: 8/8
  2875 | D:5      | Found a staircase to the Ecumenical Temple.
  2876 | D:5      | 2876 ||| PLANNING TEMPLE
  2883 | Temple   | Entered the Ecumenical Temple
  2895 | Temple   | 2895 ||| PLANNING OKAWARU WORSHIP
  3067 | Temple   | Became a worshipper of Warmaster Okawaru
  3068 | Temple   | 3068 ||| PLANNING D:1-11
  3505 | D:5      | You fall into a shaft and drop 2 floors!
  3659 | D:7      | 3659 ||| READING scroll labelled AJOYD QALUAREO.
  3664 | D:7      | 3664 ||| FLEEEEING.
  3665 | D:7      | 3665 ||| FLEEEEING.
  3666 | D:7      | 3666 ||| FLEEEEING.
  3667 | D:7      | 3667 ||| STAIRDANCE
  3807 | D:5      | Noticed Ijyb
  3811 | D:5      | Killed Ijyb
  3969 | D:5      | Noticed a steam dragon
  3970 | D:5      | 3970 ||| Stepping ~*~*~tactically~*~*~ (cloud).
  3988 | D:5      | Killed a steam dragon
  3988 | D:5      | Reached * piety under Okawaru
  3989 | D:5      | Reached skill level 10 in Ranged Weapons
  3989 | D:5      | Reached XP level 7. HP: 37/40 MP: 9/9
  3989 | D:5      | 3989 ||| Stepping ~*~*~tactically~*~*~ (cloud).
  4068 | D:5      | Found a sacrificial altar of Ru.
  4088 | D:5      | 4088 ||| INVOKING Heroism.
  4092 | D:5      | Reached skill level 1 in Invocations
  4148 | D:5      | Noticed a wyvern
  4150 | D:5      | 4150 ||| Stepping ~*~*~tactically~*~*~ (outnumbered).
  4153 | D:5      | 4153 ||| INVOKING Heroism.
  4155 | D:5      | HP: 10/40 [wyvern (13)]
  4156 | D:5      | 4156 ||| DRINKING potion of heal wounds.
  4166 | D:5      | Killed a wyvern
  4167 | D:5      | Reached skill level 11 in Ranged Weapons
  4584 | D:6      | 4584 ||| INVOKING Heroism.
  4593 | D:6      | Reached skill level 3 in Invocations
  4666 | D:6      | Noticed Maggie
  4682 | D:6      | 4682 ||| INVOKING Heroism.
  4682 | D:6      | HP: 5/40 [Maggie/bolt of fire (23)]
  4684 | D:6      | Killed Maggie
  4685 | D:6      | Reached XP level 8. HP: 5/44 MP: 9/13
  4839 | D:6      | 4839 ||| DRINKING 3 potions of curing.
  4839 | D:6      | 4839 ||| (to cure confusion)
  4878 | D:6      | Found Loduamuh's Firing Range.
  4895 | D:6      | 4895 ||| BUYING +0 arbalest (45 gold).
  4895 | D:6      | Bought a +0 arbalest for 45 gold pieces
  4895 | D:6      | 4895 ||| BUYING +0 triple crossbow (100 gold).
  4895 | D:6      | Bought a +0 triple crossbow for 100 gold pieces
  4895 | D:6      | 4895 ||| SWAPPING to +0 triple crossbow.
  4896 | D:6      | 4896 ||| DROPPING +0 arbalest.
  4897 | D:6      | 4897 ||| DROPPING +1 shortbow.
  4916 | D:6      | Found a white marble altar of Elyvilon.
  4919 | D:6      | Found a radiant altar of Vehumet.
  4922 | D:6      | Found an opulent altar of Gozag.
  4925 | D:6      | Found a glowing silver altar of Zin.
  5096 | D:6      | Noticed Dowan
  5097 | D:6      | Noticed Duvessa
  5098 | D:6      | 5098 ||| INVOKING Heroism.
  5100 | D:6      | Killed Duvessa
  5102 | D:6      | Killed Dowan
  5338 | D:6      | 5338 ||| DROPPING +0 ring mail.
  5339 | D:6      | 5339 ||| UPGRADING to +0 swamp dragon scales.
  5349 | D:6      | 5349 ||| DROPPING +2 leather armour of cold resistance.
  5350 | D:6      | 5350 ||| UPGRADING to amulet of reflection.
  5355 | D:6      | 5355 ||| DRINKING 3 bubbling ruby potions.
  5355 | D:6      | Gained mutation: You are resistant to electric shocks.
                  | (rElec) [potion of mutation]
  5383 | D:7      | 5383 ||| INVOKING Heroism.
  5411 | D:7      | 5411 ||| INVOKING Heroism.
  5414 | D:7      | Reached skill level 12 in Ranged Weapons
  6030 | D:7      | 6030 ||| INVOKING Heroism.
  6034 | D:7      | Reached skill level 3 in Fighting
  6203 | D:7      | 6203 ||| UPGRADING to amulet of faith.
  6213 | D:7      | 6213 ||| READING scroll labelled UDA ASONWEA.
  6314 | D:7      | 6314 ||| READING scroll labelled KYIWAE XOMUA.
  6315 | D:7      | 6315 ||| DRINKING 2 coppery potions.
  6316 | D:7      | 6316 ||| READING 2 scrolls of identify.
  6316 | D:7      | 6316 ||| IDENTIFYING emerald potion
  6543 | D:8      | Reached ** piety under Okawaru
  6544 | D:8      | Reached XP level 9. HP: 38/50 MP: 14/14
  6752 | D:8      | 6752 ||| INVOKING Heroism.
  6769 | D:8      | Noticed Grum
  6770 | D:8      | Noticed a death yak
  6771 | D:8      | 6771 ||| INVOKING Heroism.
  6772 | D:8      | 6772 ||| Stepping ~*~*~tactically~*~*~ (outnumbered).
  6775 | D:8      | Reached skill level 13 in Ranged Weapons
  6786 | D:8      | Found a staircase to the Lair.
  6788 | D:8      | Killed Grum
  6788 | D:8      | Noticed a death yak
  6788 | D:8      | Noticed a death yak
  6792 | D:8      | Reached skill level 14 in Ranged Weapons
  6793 | D:8      | 6793 ||| INVOKING Heroism.
  6795 | D:8      | HP: 6/50 [death yak (17)]
  6796 | D:8      | 6796 ||| READING 2 scrolls of teleportation.
  6796 | D:8      | Slain by a death yak

Levels and vault maps discovered:
D:1:      ebering_hopf_link, layout_rooms, minmay_crystal_room
D:2:      layout_loops_ring, serial_shops, shop,
          nicolae_shop_tiny_real_fake_doors, nicolae_shop_just_a_little_nook,
          hex_large, minmay_tetromino_l2
D:3:      layout_basic, eat_drink_and_be_merry_uskayaw,
          hellmonk_ecumenical_altar_crossroads, kennysheep_crisscross
D:4:      layout_loops_ring
D:5:      layout_basic, nicolae_ru_the_path_less_chosen,
          minmay_temple_entry_statues_fountains, minmay_door_square, uniq_ijyb,
          uniq_crazy_yiuf_cottage
D:6:      layout_basic, grunt_temple_overflow_cloverleaf,
          nicolae_shop_firing_range, uniq_maggie, uniq_duvessa
D:7:      layout_loops_corners, kennysheep_flooded_box
D:8:      layout_loops_ring, dpeg_lair_monsters, uniq_grum
Temple:   bh_familiar_temple

Skill      XL: |  1  2  3  4  5  6  7  8  9 |
---------------+----------------------------+-----
Ranged Weapons | 6 7 8 9 10 11 12 14 | 14.0
Dodging        | 3 4 5 |  5.9
Fighting       | 2 3 |  3.1
Invocations    | 4 |  4.3
Armour         | 2 |  2.0
Stealth        | |  1.2

Action                     |  1- 3 |  4- 6 |  7- 9 || total
---------------------------+-------+-------+-------++-------
   Fire: Shortbow          |    78 |   134 |    64 ||   276
         Triple crossbow   |       |       |    47 ||    47
 Invoke: Heroism           |       |       |    11 ||    11
    Use: Scroll            |     8 |     4 |     4 ||    16
         Potion            |     2 |     3 |     4 ||     9
 Armour: Leather armour    |     4 |    26 |     4 ||    34
         Swamp dragon scal |       |       |    14 ||    14
  Dodge: Dodged            |     8 |    32 |    38 ||    78
  Block: Other             |       |       |     3 ||     3

Table legend:
 A = Non-vault XP
 B = Vault XP
 C = Vault XP percentage of total XP
 D = Non-vault monster count
 E = Vault monster count
 F = Vault count percentage of total count
                 A         B        C        D         E       F
            +---------+---------+-------+---------+---------+-------
      Total |    2281 |    1379 |  37.7 |      92 |      13 |  12.4
            +---------+---------+-------+---------+---------+-------
        D:1 |      11 |       0 |   0.0 |       8 |       0 |   0.0
        D:2 |      46 |       4 |   8.0 |      15 |       2 |  11.8
        D:3 |     102 |       0 |   0.0 |      15 |       0 |   0.0
        D:4 |     230 |       0 |   0.0 |      15 |       0 |   0.0
        D:5 |     777 |      36 |   4.4 |      13 |       1 |   7.1
        D:6 |     226 |     634 |  73.7 |       9 |       6 |  40.0
        D:7 |     408 |       0 |   0.0 |      11 |       0 |   0.0
        D:8 |     481 |     705 |  59.4 |       6 |       4 |  40.0
            +---------+---------+-------+---------+---------+-------
